 Dungeon Crawl Stone Soup version 0.23-a0-655-g3751e1c (console) character file.

66 Duffy the Conjurer (level 3, 24/24 HPs)
             Began as a Demonspawn Fire Elementalist on Jan 7, 2019.
             Quit the game on level 3 of the Dungeon.
             The game lasted 00:01:00 (1112 turns).

Duffy the Conjurer (Demonspawn Fire Elementalist)   Turns: 1112, Time: 00:01:01

Health: 24/24      AC:  3    Str:  8    XL:     3   Next: 96%
Magic:  6/6        EV: 12    Int: 17    God:
Gold:   74         SH:  0    Dex: 13    Spells: 5/6 levels left

rFire    . . .     SeeInvis .   f - +4 quarterstaff (chaos)
rCold    . . .     Gourm    .   (shield currently unavailable)
rNeg     . . .     Faith    .   a - +0 robe
rPois    .         Spirit   .   (no helmet)
rElec    .         Reflect  .   g - +0 cloak
rCorr    .         Harm     .   (no gloves)
MR       .....                  (no boots)
Stlth    ++........             (no amulet)
HPRegen  0.08/turn              (no ring)
MPRegen  0.10/turn              (no ring)

@: no status effects
A: claws 1
a: no special abilities


You were on level 3 of the Dungeon.
You were not hungry.

You visited 1 branch of the dungeon, and saw 3 of its levels.

You collected 74 gold pieces.

Inventory:

Hand Weapons
 f - a +4 quarterstaff of chaos (weapon)
Armour
 a - a +0 robe (worn)
 g - a +0 cloak (worn)
Scrolls
 b - a scroll of identify {unknown}
Potions
 d - a potion of curing {unknown}
 e - a potion of heal wounds {unknown}
Comestibles
 c - 4 rations
 h - a chunk of flesh


   Skills:
 - Level 1.7 Dodging
 - Level 1.7 Stealth
 - Level 2.0 Spellcasting
 + Level 3.9 Conjurations
 - Level 2.6 Fire Magic


You had 5 spell levels left.
You knew the following spells:

 Your Spells              Type           Power        Failure   Level  Hunger
h - Flame Tongue          Conj/Fire      ##...        4%          1    #......

Your spell library contained the following spells:

 Spells                   Type           Power        Failure   Level  Hunger
 Throw Flame              Conj/Fire      ##....       8%          2    ###....
 Conjure Flame            Conj/Fire      ##......     16%         3    ###....
 Inner Flame              Hex/Fire       #.......     32%         3    ###....
 Sticky Flame             Conj/Fire      ##......     45%         4    #####..
 Fireball                 Conj/Fire      ##........   80%         5    ######.


Dungeon Overview and Level Annotations

Branches:
Dungeon (3/15)

Altars:


Innate Abilities, Weirdness & Mutations

You have sharp fingernails.


Message History

You completely miss the frilled lizard.
The frilled lizard completely misses you.
You sock the frilled lizard!
You kill the frilled lizard!
No target in view!
No target in view!
No target in view!
No target in view!
No target in view!
No target in view!
No target in view!
No target in view!
No target in view!
No target in view!
c - 4 rations (gained 1)
You now have 74 gold pieces (gained 9).
A ball python and a rat come into view.
There are monsters nearby!
There are monsters nearby!
Are you sure you want to abandon this character and quit the game? (Confirm

###..#. .....#.# .. .
.#...#.# ... .....#.#
##S#.### #...<#.#
###...r.. .....#..
..#..#.# .#.#.#.######
#.#....# .#.#.#......#
#.#...#
.#.#.#..###.###.#@..#
.....#..# #.........#
.....#..#######.##..#
.......................
###############.########
... #.# #.# #.#


You could see a ball python (sleeping) and a rat.

Vanquished Creatures
  Crazy Yiuf (D:2)
  3 adders
  A leopard gecko (D:3)
  A hobgoblin (D:1)
  A jackal (D:2)
  A kobold (D:3)
  A bat (D:2)
  A frilled lizard (D:3)
  3 rats (D:2)
13 creatures vanquished.

Notes
Turn   | Place    | Note
-------+----------+-------------------------------------------
     0 | D:1      | Duffy the Demonspawn Fire Elementalist began the quest for
                  | the Orb.
     0 | D:1      | Reached XP level 1. HP: 13/13 MP: 3/3
   208 | D:2      | Found a runed door.
   505 | D:2      | Noticed Crazy Yiuf
   546 | D:2      | Killed Crazy Yiuf
   546 | D:2      | Reached skill level 3 in Conjurations
   546 | D:2      | Gained mutation: You have sharp fingernails. [demonic
                  | ancestry]
   546 | D:2      | Reached XP level 2. HP: 11/19 MP: 0/5
   546 | D:2      | Reached XP level 3. HP: 14/24 MP: 0/6
  1112 | D:3      | Quit the game

Vault maps used:
D:1:      wander_arrival_abandoned_jail
D:2:      eat_drink_and_be_merry_uskayaw, first_ration,
          chequers_ecumenical_altar_simple_redux, uniq_crazy_yiuf_cottage

Skill      XL: |  1 |
---------------+----+-----
Conjurations   | 3 |  3.9
Dodging        | |  1.7
Stealth        | |  1.7
Spellcasting   | |  2.0
Fire Magic     | |  2.6

Action                   || total
-------------------------++-------
Melee: Quarterstaff      ||    21
 Cast: Flame Tongue      ||    15
  Eat: Chunk             ||     1
Armor: Robe              ||     4
Dodge: Dodged            ||    34

Table legend:
 A = Non-vault XP
 B = Vault XP
 C = Vault XP percentage of total XP
 D = Non-vault monster count
 E = Vault monster count
 F = Vault count percentage of total count
                 A         B        C        D         E       F
            +---------+---------+-------+---------+---------+-------
      Total |      55 |      40 |  42.1 |      12 |       1 |   7.7
            +---------+---------+-------+---------+---------+-------
        D:1 |       2 |       0 |   0.0 |       1 |       0 |   0.0
        D:2 |      34 |      40 |  54.1 |       7 |       1 |  12.5
        D:3 |      19 |       0 |   0.0 |       4 |       0 |   0.0
            +---------+---------+-------+---------+---------+-------
